Steven, lawful male human Priest -------- --- ......|--------------|.-- ---- ....|*(*|..|...|...|..| --- ---..-- ...|?(.|..| .. ...|..| --.|--.....| -----..|...| .|-|---|--..| |>.|......-- |((.|..--|---|-.........-- |..|.--...| |((.-.............-----..| --...||.--- ----- |.(.|......--+-...| ..|..| ---..-||.| |(((|+------..{...| |...-...|..| |.....||.| + |(((|..........@..| |...|...|..---- |.-...||.| |.. |...|-+-@@...---|-------------.|.|.---....--|.--- --...--%-| |GG-|-|.....................%|.....| |...- |.....%..| |..|..----- ---------...........| |....| | #.....----u.|..| |.|.....---.| |...-- -....{........|..| |.|--...| |.| ----- -..|....#.....---- |.|...--- |.| .. --............... -----.--- |.| --- ---.....@.............| |.....| --.-- |.......|.........--- |..---- |...| |..--..---.--.| .-- ---- --.-- -------- -- -- -- --- Steven the Acolyte Experience level: 4 Strength: 11 Dexterity: 12 Constitution: 14 Intelligence: 13 Wisdom: 17 Charisma: 9 Health: 0(35) Energy: 42(42) Def: 6 Gold: 316 Moves: 1960 Dungeon seed: CNCvGJKgb1_dZw5o Game ID: Steven_1439942958 Your Inventory: Coins $ - 316 gold pieces Weapons a - a blessed +1 mace (weapon in hand) Armor e - an uncursed +0 robe (being worn) n - an uncursed +0 small shield (being worn) z - an uncursed +0 ring mail (being worn) Comestibles c - 2 uncursed cloves of garlic d - an uncursed sprig of wolfsbane Scrolls j - 2 uncursed scrolls of light k - an uncursed scroll of enchant armor p - an uncursed scroll of stinking cloud s - an uncursed scroll of remove curse u - an uncursed scroll of scare monster A - a blessed scroll of water Spellbooks f - an uncursed spellbook of extra healing g - an uncursed spellbook of healing l - an uncursed spellbook of teleport away Potions b - 4 potions of holy water Wands r - an uncursed wand of enlightenment (0:15) v - an uncursed wand of light (0:14) w - an uncursed wand of enlightenment (0:14) Tools h - an uncursed magic marker (0:32) q - an uncursed magic harp (0:8) y - 6 uncursed wax candles (0:400) B - an uncursed tallow candle (0:200) C - an uncursed magic whistle Spells and supernatural/magical abilities: Name Level Category Fail Memory h - healing 1 healing 18% 91% t - teleport away 6 escape 100% 91% x - extra healing 3 healing 100% 91% W - pray for help -- divine ? -- X - turn undead -- divine ? -- Your skills at the end: Fighting Skills Weapon Skills mace [Basic] Spellcasting Skills clerical spells [Basic] Final Attributes: You were fervently aligned. You are dead. Vanquished creatures: a small mimic 2 gnome lords a little dog an acid blob a coyote a cave spider 6 gnomes 4 garter snakes 6 manes a gnome zombie 2 jackals 2 foxen 3 goblins 2 lichens a kobold zombie a newt 35 creatures vanquished. Voluntary challenges: You were vegetarian. You were an atheist. You used a wielded weapon 37 times, starting on turn 19. You read items or engraved 37 times, starting on turn 68. You never genocided any monsters. You never polymorphed an object. You never changed form. You used no wishes. You never split a pudding. You never wrote Elbereth's name. You never violated your personal moral code. Dungeon overview: The Dungeons of Doom: levels 1 to 4 Level 1 a fountain a long staircase Level 2 some fountains Level 3 a sink stairs to The Gnomish Mines Level 4 The Gnomish Mines: levels 4 to 7 Level 4 stairs to The Dungeons of Doom Level 5 Level 6 <- You were here some shops, some fountains, some trees Level 7 History has recorded: On T:1 you entered the Dungeons of Doom to retrieve the Amulet of Yendor! On T:42 you reached level 2 of The Dungeons of Doom. On T:1006 you reached level 3 of The Dungeons of Doom. On T:1064 you reached level 4 of The Dungeons of Doom. On T:1162 you reached level 1 of The Gnomish Mines. On T:1208 you advanced to experience level 2. On T:1371 you reached level 2 of The Gnomish Mines. On T:1387 you advanced to experience level 3. On T:1605 you reached level 3 of The Gnomish Mines. On T:1637 you reached level 4 of The Gnomish Mines. On T:1772 you advanced to experience level 4. Score breakdown: Gold: 316 ( 31 points) Experience: 4 levels ( 300 points) Exploration: 7 levels ( 180 points) Discoveries: 7 items ( 350 points) Variety of kills: 16 monsters ( 800 points) Major goal: (nothing yet) ( 0 points) Survival: died (score multiplied by 3) Total score: 4983 Latest messages: Your feet are frozen to the floor! Your movements are now unencumbered. The gnome hits! The gnome misses. The gnome thrusts one of her daggers. The gnome hits! (2x) You die... Final status: Goodbye Steven the Priest, killed by a gnome, while frozen by a potion... You died in The Gnomish Mines on dungeon level 6 with 4983 points, and 316 pieces of gold, after 1960 moves. You were level 4 with a maximum of 35 hit points when you died.